 Dungeon Crawl Stone Soup version 0.31-a0-1363-g282adc679d (webtiles) character file.

Game seed: 1994907795409330625

1606825 iamserjio the Slayer (level 27, 186/186 HPs)
             Began as an Octopode Wanderer on Dec 23, 2023.
             Was a High Priest of Hepliaklqana.
             Escaped with the Orb
             ... and 3 runes!
             The game lasted 02:59:10 (73950 turns).

iamserjio the Slayer (Octopode Wanderer)           Turns: 73950, Time: 02:59:10

Health: 186/186    AC:  7    Str: 21    XL:     27
Magic:  37/37      EV: 46    Int: 27    God:    Hepliaklqana [*****.]
Gold:   1073       SH: 19    Dex: 40    Spells: 20/46 levels left

rFire   + + +        M - +8 demon trident (chaos)
rCold   + . .        t - +2 shield of Resistance {rF++ rC++ Will++}
rNeg    + . .        c - +2 hat
rPois   +            u - amulet "Apheguuz" {Rampage ^Drain rElec Regen+ Str+3}
rElec   +            h - +4 ring of protection
rCorr   +            N - ring "Cituupt" {rF+ Dex+4}
SInv    +            v - ring of poison resistance
Will    ++++.        i - ring "Arroymis" {Fire rElec Int+3 SInv}
Stlth   +++          y - +6 ring of dexterity
HPRegen 2.11/turn    q - +6 ring of dexterity
MPRegen 0.25/turn    R - +6 ring of dexterity
                     m - ring "Hacy" {rN+ rCorr Str+3 Int+6}

%: rampage
@: maw-form, studying 3 skills
A: devouring maw, reduced essence, almost no armour, amphibious, 8 rings,
camouflage 1, gelatinous body 1, (nimble swimmer 1), tentacles, regeneration 1
0: Orb of Zot
}: 3/15 runes: serpentine, barnacled, silver
a: Begin Untransformation, Renounce Religion, Recall Ancestor, Ancestor
Identity, Transference, Idealise


You escaped.
You worshipped Hepliaklqana.
Hepliaklqana was extremely pleased with you.
You were a creature with a mouth for a stomach.
You visited 10 branches of the dungeon, and saw 48 of its levels.
You visited the Abyss 1 time.
You visited 1 bazaar.
You also visited: Bailey.

You collected 7618 gold pieces.
You spent 6545 gold pieces at shops.

Inventory:

Hand Weapons
 b - a +2 vampiric trident
 M - a +8 demon trident of chaos (weapon)
 U - a +7 demon trident of protection
Missiles
 J - 8 throwing nets (quivered) {!f}
 Q - 17 curare-tipped darts
Armour
 c - a +2 hat (worn)
 t - the +2 shield of Resistance (worn) {rF++ rC++ Will++}
   (You took it off a deep elf high priest on level 3 of the Elven Halls)

   rF++:      It greatly protects you from fire.
   rC++:      It greatly protects you from cold.
   Will++:    It greatly increases your willpower.
Jewellery
 d - a +4 ring of protection
 h - a +4 ring of protection (left tentacle)
 i - the ring "Arroymis" (on tentacle) {Fire rElec Int+3 SInv}
   (You took it off a deep elf high priest on level 3 of the Elven Halls)

   [ring of fire]

   Fire:      It enhances your fire magic.
   Int+3:     It affects your intelligence (+3).
   rF+:       It protects you from fire.
   rC-:       It makes you vulnerable to cold.
   rElec:     It insulates you from electricity.
   SInv:      It lets you see invisible.
 m - the ring "Hacy" (on tentacle) {rN+ rCorr Str+3 Int+6}
   (You found it on level 3 of the Lair of Beasts)

   [ring of intelligence]

   Str+3:     It affects your strength (+3).
   Int+6:     It affects your intelligence (+6).
   rN+:       It protects you from negative energy.
   rCorr:     It protects you from acid and corrosion.
 q - a +6 ring of dexterity (on tentacle)
 s - a ring of see invisible
 u - the amulet "Apheguuz" (around mantle) {Rampage ^Drain rElec Regen+ Str+3}
   (You found it on level 2 of the Snake Pit)

   [amulet of regeneration]

   Str+3:     It affects your strength (+3).
   rElec:     It insulates you from electricity.
   Regen+:    It increases your rate of health regeneration.
   ^Drain:    It drains your maximum health when unequipped.
   Rampage:   It bestows one free step when moving towards enemies.
 v - a ring of poison resistance (on tentacle)
 y - a +6 ring of dexterity (on tentacle)
 A - the amulet of Epsemoz {Reflect rN+ Will+ MP-9 Dex+2 SH+5}
   (You found it on level 2 of the Snake Pit)

   [amulet of reflection]

   Reflect:   It reflects blocked missile attacks.
   Dex+2:     It affects your dexterity (+2).
   rN+:       It protects you from negative energy.
   Will+:     It increases your willpower.
   MP-9:      It affects your magic capacity (-9).
   SH+5:      It affects your SH (+5).
 D - a ring of flight
 E - the ring of Generosity {rF+ Will+ Str+3}
   (You took it off a deep elf annihilator on level 2 of the Depths)

   [ring of protection from fire]

   Str+3:     It affects your strength (+3).
   rF+:       It protects you from fire.
   Will+:     It increases your willpower.
 F - the ring "Gojics" {rCorr MP+9}
   (You took it off an ironbound convoker on level 5 of the Vaults)

   [ring of magical power]

   MP+9:      It affects your magic capacity (+9).
   rCorr:     It protects you from acid and corrosion.
 L - a ring of ice
 N - the ring "Cituupt" (right tentacle) {rF+ Dex+4}
   (You acquired it on level 4 of the Snake Pit)

   [ring of protection from fire]

   Dex+4:     It affects your dexterity (+4).
   rF+:       It protects you from fire.
 R - a +6 ring of dexterity (on tentacle)
Talismans
 z - a maw talisman (active)
Wands
 a - a wand of roots (26)
 k - a wand of mindburst (44)
 n - a wand of digging (6) {@v3}
 p - a wand of charming (24)
 C - a wand of polymorph (2)
 Z - a wand of quicksilver (32)
Scrolls
 l - 3 scrolls of fear
 o - 7 scrolls of summoning
 w - 5 scrolls of silence
 G - 3 scrolls of fog
 H - 11 scrolls of teleportation {@r3}
 T - 5 scrolls of blinking {@r4}
Potions
 f - 5 potions of invisibility
 g - 5 potions of resistance {@q5}
 r - 16 potions of curing {@q1}
 x - 9 potions of haste {@q4}
 B - 3 potions of might {@q3}
 O - 12 potions of ambrosia
 P - 9 potions of mutation
 V - 7 potions of lignification
 W - 14 potions of magic
 X - 3 potions of cancellation
 Y - 6 potions of heal wounds {@q2}
Miscellaneous
 e - a sack of spiders
 j - a phantom mirror
 I - a lightning rod (4/4)
 K - a condenser vane
 S - a phial of floods


   Skills:
 - Level 22.0 Fighting
 + Level 18.8 Polearms
 + Level 21.6 Dodging
 - Level 10.8 Stealth
 - Level 12.0 Shields
 - Level 10.0 Spellcasting
 - Level 5.6 Summonings
 - Level 2.0 Necromancy
 * Level 13.9 Translocations
 - Level 11.0 Ice Magic
 - Level 3.0 Air Magic
 - Level 4.8 Earth Magic
 - Level 5.2 Alchemy
 - Level 12.1 Invocations
 * Level 18.4 Evocations
 - Level 10.0 Shapeshifting


You had 20 spell levels left.
You knew the following spells:

 Your Spells              Type           Power      Damage    Failure   Level
a - Ozocubu's Armour      Ice            64%        N/A       1%          3
b - Summon Ice Beast      Ice/Summ       55%        N/A       2%          4
c - Manifold Assault      Tloc           73%        N/A       1%          4
d - Lesser Beckoning      Tloc           100%       N/A       1%          2
e - Summon Lightning Spi  Summ/Air       36%        N/A       13%         4
f - Malign Gateway        Summ/Tloc      30%        N/A       75%         7
g - Passwall              Alch/Erth      33%        N/A       1%          2

Your spell library contained the following spells:

 Spells                   Type           Power      Damage    Failure   Level
 Summon Small Mammal      Summ           100%       N/A       1%          1
 Call Imp                 Summ           88%        N/A       1%          2
 Ensorcelled Hibernation  Hex/Ice        86%        N/A       1%          2
 Mercury Vapours          Alch/Air       70%        N/A       1%          2
 Momentum Strike          Conj/Tloc      100%       3d10      1%          2
 Gell's Gravitas          Tloc           73%        N/A       1%          3
 Teleport Other           Tloc           73%        N/A       1%          3
 Volatile Blastmotes      Fire/Tloc      100%       2d18      1%          3
 Sting                    Conj/Alch      100%       1d9       2%          1
 Cigotuvi's Dreadful Rot  Necr/Alch/Air  62%        N/A       2%          2
 Call Canine Familiar     Summ           44%        N/A       2%          3
 Hailstorm                Conj/Ice       43%        3d9       2%          3
 Kiss of Death            Conj/Necr      72%        2d10      4%          1
 Shock                    Conj/Air       84%        1d8       4%          1
 Sublimation of Blood     Necr           24%        N/A       4%          2
 Dimensional Bullseye     Hex/Tloc       25%        N/A       4%          4
 Iskenderun's Mystic Bla  Conj/Tloc      50%        2d11      4%          4
 Static Discharge         Conj/Air       42%        3-5/arc   6%          2
 Swiftness                Air            29%        N/A       6%          3
 Summon Guardian Golem    Hex/Summ       28%        N/A       7%          3
 Mephitic Cloud           Conj/Alch/Air  28%        N/A       8%          3
 Stone Arrow              Conj/Erth      52%        3d10      9%          3
 Olgreb's Toxic Radiance  Alch           41%        N/A       9%          4
 Fugue of the Fallen      Necr           24%        N/A       10%         3
 Vampiric Draining        Necr           24%        2d7       10%         3
 Scorch                   Fire           40%        2d6       11%         2
 Searing Ray              Conj           26%        2d5       11%         2
 Confusing Touch          Hex            13%        N/A       22%         3
 Inner Flame              Hex/Fire       20%        N/A       22%         3
 Airstrike                Air            14%        2d(3-19)  22%         4
 Metabolic Englaciation   Hex/Ice        21%        N/A       22%         5
 Fulminant Prism          Conj/Alch      13%        3d8       26%         4
 Sticky Flame             Fire/Alch      41%        2d8       26%         4
 Brom's Barrelling Bould  Conj/Erth      26%        2d5       28%         4
 Freezing Cloud           Conj/Ice/Air   19%        6-21      30%         5
 Animate Dead             Necr           24%        N/A       32%         4
 Dispel Undead            Necr           24%        3d12      32%         4
 Anguish                  Hex/Necr       9%         N/A       43%         4
 Borgnjor's Vile Clutch   Necr/Erth      15%        N/A       45%         5
 Irradiate                Conj/Alch      13%        3d16      56%         5
 Flame Wave               Conj/Fire      20%        2d7       58%         4
 Simulacrum               Ice/Necr       24%        N/A       61%         6
 Silence                  Hex/Air        10%        N/A       73%         5
 Summon Cactus Giant      Summ           22%        N/A       75%         6
 Fireball                 Conj/Fire      10%        3d6       90%         5
 Iskenderun's Battlesphe  Conj           13%        2d7       90%         5
 Bombard                  Conj/Erth      13%        9d3       99%         6
 Conjure Ball Lightning   Conj/Air       10%        3x3d6     99%         6
 Death Channel            Necr           12%        N/A       99%         6
 Summon Hydra             Summ           22%        N/A       99%         7
 Haunt                    Necr/Summ      17%        N/A       100%        7
 Orb of Destruction       Conj           6%         9d6       100%        7
 Spellforged Servitor     Conj/Summ      14%        N/A       100%        7
 Borgnjor's Revivificati  Necr           12%        N/A       100%        8
 Ignition                 Fire           10%        3d5       100%        8
 Lehudib's Crystal Spear  Conj/Erth      13%        10d4      100%        8
 Summon Horrible Things   Summ           22%        N/A       100%        8
 Death's Door             Necr           12%        N/A       100%        9
 Animate Armour           Summ/Erth      Unusable   N/A       N/A         4

Dungeon Overview and Level Annotations

Branches:
Dungeon (15/15)            Temple (1/1) D:5            Lair (5/5) D:11
 Shoals (4/4) Lair:3        Snake (4/4) Lair:3        Slime (0/5) Lair:5
    Orc (2/2) D:9             Elf (3/3) Orc:2        Vaults (5/5) D:13
  Crypt (0/3) Vaults:2     Depths (4/4) D:15            Zot (5/5) Depths:4
 Bailey (visited)

Altars:
Ashenzari
Cheibriados
Dithmenos
Elyvilon
Fedhas
Gozag
Hepliaklqana
Kikubaaqudgha
Makhleb
Nemelex Xobeh
Okawaru
Qazlal
Ru
Sif Muna
Trog
Uskayaw
Vehumet
Wu Jian
Xom
Yredelemnul
Zin
The Shining One
Jiyva
Lugonu

Shops:
D:4 *   Orc:2 !(([   Elf:3 *   Shoals:1 =   Vaults:1 ((:!   Vaults:3 (([
Depths:1 =:=:   Depths:2 *

Portals:
Hell: Depths:1 Depths:2 Depths:3 Depths:4
Abyss: D:3 Depths:2 Depths:3
Pandemonium: Depths:2 Depths:3 Depths:4
Ziggurat: Depths:1

Annotations:
D:7 1 exclusion
Depths:2 exclusion: door
Zot:3 exclusion: downstairs


Innate Abilities, Weirdness & Mutations

You are a creature with a mouth for a stomach.
Your midsection houses a second, enormous mouth.
Your life essence is reduced to manifest your ancestor. (-10% HP)
You cannot wear most types of armour.
You are amphibious.
You can wear up to eight rings at the same time.
Your skin changes colour to match your surroundings (Stealth+).
Your rubbery body absorbs attacks. (AC +1, EV +1)
((You are camouflaged when in or above water. (Stealth+)))
You have tentacles for arms and can constrict up to eight enemies at once.
Your natural rate of healing is unusually fast.


Message History

You climb upwards.
There is a stone staircase leading down here.
You see here a +0 pair of boots.
There is a stone staircase leading up here.
You climb upwards.
There is a stone staircase leading down here.
There is a stone staircase leading up here.
You climb upwards.
There is a stone staircase leading down here.
An Orb Guardian comes into view.
You rampage towards the Orb Guardian!
Osbert is recalled.
Osbert gestures at the Orb Guardian while chanting.
The bolt of magma hits the Orb Guardian!!!
Osbert points at the Orb Guardian and mumbles some strange words.
The crystal spear hits the Orb Guardian!!
Osbert gestures wildly while chanting.
Osbert seems to speed up.
There is a stone staircase leading up here.
You climb upwards.
There is a stone staircase leading down here.
What level of the Dungeon? (default 1, ? - help)
There is a stone staircase leading up here.
You climb upwards.
There is a stone staircase leading down here.
An efreet comes into view.
It is wielding a +2 scimitar of flaming.
The efreet gestures at you. The bolt of fire misses you.
The efreet gestures at you.
The fireball explodes!
The fireball engulfs you. You resist.
Casting: Passwall (safe; 1% risk of failure)
Aiming: Passwall (safe; 1% risk of failure)
Press: ? - help, Dir - move target A rock wall.
This square is covered in magical glow.
HP restored.
You begin to meditate on the wall.
You continue meditating on the rock. x2
You finish merging with the rock.
There is a staircase leading out of the dungeon here.
You have escaped!

#...# #.......# # #####
#.......### ####.......
#.......
################.R°○...
#..............####....
#..............# #....
#..............# #....
#..##.W.#####..# #....
#..##...# #..# #....
#.......# #..# #....
#.......# #..# #....
#.......# #..# ####.
#..###..# #..# #####)
#..# #..#####..###.....
#..# #.........##..####
#..###.........#..##


There were no monsters in sight!

Vanquished Creatures
  An orb of fire (Zot:5)
  Tiamat (Zot:1)
  An ancient lich (Zot:5)
  Sojobo (Vaults:2)
  3 Killer Klowns (Zot:5)
  2 golden dragons
  A curse toe (Zot:5)
  A profane servitor (Depths:1)
  2 electric golems (Zot:5)
  7 tentacled monstrosities
  2 liches
  Asterion (Elf:2)
  A walking earthen tome (Depths:3)
  10 Orb Guardians (Zot:5)
  A deep elf master archer (Elf:3)
  5 titans
  6 quicksilver dragons
  3 deep elf blademasters
  2 death cobs (Zot:5)
  Frances (D:12)
  An Executioner (Zot:3)
  5 storm dragons
  8 tengu reavers
  A protean progenitor (Zot:3)
  5 shadow dragons
  A revenant (Vaults:2)
  A draconian knight (Zot:1)
  3 draconian monks
  9 frost giants
  2 nagarajas
  6 deep elf sorcerers (Elf:3)
  6 fire giants
  3 iron dragons
  A balrug (Depths:4)
  3 draconian scorchers
  3 deep elf elementalists (Elf:3)
  3 draconian shifters
  An angel (Depths:1)
  9 vault wardens
  A ghoul (Vaults:2)
  3 orc warlords
  11 ironbound preservers
  A broodmother (Zot:3)
  A draconian stormcaller (Zot:5)
  8 ironbound thunderhulks
  9 very ugly things
  2 draconian annihilators (Zot:5)
  12 stone giants
  3 vampire knights
  A war gargoyle (Vaults:5)
  3 formless jellyfish
  3 deep elf annihilators
  4 deep elf death magi
  A deep elf demonologist (Elf:3)
  3 green draconians
  3 yellow draconians
  3 black draconians
  6 white draconians
  A lorocyproca (Depths:4)
  A dire elephant (Vaults:3)
  7 spark wasps
  3 red draconians
  4 purple draconians
  A crystal guardian (Vaults:3)
  3 statues (Depths:2)
  2 pearl dragon zombies (Depths:1)
  10 ettins
  4 merfolk impalers
  2 green deaths
  4 fire dragons
  Josephine (D:12)
  5 merfolk javelineers (Shoals:4)
  6 deep elf high priests
  2 great orbs of eyes (Vaults:3)
  18 vault guards (Vaults:5)
  12 yaktaur captains
  7 hydras
  An entropy weaver (Vaults:1)
  4 ice dragons
  3 rakshasas
  12 centaur warriors
  A sphinx zombie (D:15)
  2 merfolk avatars
  2 spriggan air magi
  2 boulder beetles
  A peacekeeper (Vaults:3)
  8 ironbound frosthearts
  7 salamander tyrants
  An anaconda (shapeshifter) (D:14)
  4 merfolk aquamancers
  An alligator snapping turtle (Shoals:1)
  6 anacondas
  10 naga warriors
  4 catoblepae
  A death knight (Depths:1)
  3 hell hogs (Depths:1)
  12 death yaks
  7 two-headed ogres
  A vampire mage (D:15)
  5 deep troll shamans
  14 dancing weapons
  5 deep troll earth magi
  3 occultists (Depths:2)
  8 naga sharpshooters
  A soul eater (Depths:2)
  3 spriggan berserkers (Depths:3)
  3 shock serpents
  2 orc high priests (Elf:2)
  11 deep elf knights
  2 hell knights (Depths:2)
  2 skysharks
  2 sun demons
  4 iron trolls
  3 skeletal warriors
  5 sea snakes
  A sixfirhy (Depths:3)
  2 salamander mystics
  A shadow wraith (Abyss:2)
  32 deep trolls
  14 ironbound convokers
  5 glowing orange brains
  6 naga ritualists
  5 deep elf archers
  7 arcanists
  Pikel (D:4)
  2 starcursed masses (Abyss:2)
  2 phantasmal warriors (Vaults:5)
  4 necromancers
  A steelbarb worm (shapeshifter) (Depths:1)
  11 orc knights
  27 ugly things
  2 oklob plants (D:14)
  7 lindwurms
  6 mana vipers
  2 orc sorcerers
  21 deep elf pyromancers
  11 harpies
  16 deep elf zephyrmancers
  7 cyclopes
  A wolf spider (D:14)
  12 fauns
  11 manticores
  A manticore (shapeshifter) (Elf:2)
  11 vault sentinels
  35 black mambas
  8 naga magi
  5 elephants (Lair:5)
  A black mamba (shapeshifter) (D:13)
  6 kobold blastminers
  2 merfolk sirens
  Joseph (D:10)
  2 apis skeletons (Depths:1)
  A gargoyle (D:13)
  A guardian serpent (shapeshifter) (Elf:1)
  2 guardian serpents (Snake:4)
  An eye of devastation (shapeshifter) (Vaults:5)
  11 moths of wrath
  A torpor snail (Abyss:2)
  9 cane toads
  A water nymph (Shoals:3)
  3 unseen horrors
  4 efreet
  2 rime drakes
  2 kobold demonologists (D:12)
  An unseen horror zombie (D:8)
  A yaktaur (shapeshifter) (D:14)
  3 freezing wraiths (Vaults:5)
  19 yaktaurs
  8 komodo dragons
  5 tengu conjurers
  A queen bee (D:14)
  2 meliai (D:14)
  A polar bear (Lair:3)
  A troll (shapeshifter) (D:14)
  13 merfolk
  A raiju (shapeshifter) (D:14)
  4 wind drakes
  A hornet (shapeshifter) (D:14)
  6 trolls
  A tyrant leech (Abyss:2)
  11 blink frogs
  A hornet (D:9)
  2 snapping turtles
  4 dream sheep
  A glass eye (Depths:2)
  20 slime creatures
  A stone giant simulacrum (Vaults:5)
  A centaur simulacrum (D:15)
  A spriggan (Depths:3)
  6 wraiths
  2 shadows
  13 water elementals
  A battlemage (Shoals:4)
  5 basilisks
  A fire elemental (Elf:1)
  2 wyverns
  A warg (Orc:2)
  39 yaks
  3 steam dragons
  A redback (shapeshifter) (Depths:4)
  2 redbacks (Vaults:3)
  10 vampire mosquitoes
  2 swamp worms (Lair:3)
  31 nagas
  4 acid dragons
  13 water moccasins
  32 orc warriors
  2 ice beasts
  3 black bears
  2 sky beasts (D:7)
  7 ogres
  16 wolves
  13 centaurs
  A phantom (D:5)
  A lemure (D:4)
  5 kobold brigands
  Blork the orc (D:5)
  2 nameless horrors
  12 bullfrogs
  2 gnoll sergeants (D:5)
  3 earth elementals
  5 scorpions
  5 wights (D:8)
  23 killer bees
  A howler monkey (D:14)
  6 electric eels
  A centaur zombie (D:8)
  4 hounds
  3 jellies
  18 orc priests
  Terence (D:2)
  2 iguanas
  11 orc wizards
  A sleepcap (D:5)
  A howler monkey zombie (D:8)
  14 gnolls
  3 adders
  A shadow imp (D:5)
  A bombardier beetle (D:6)
  2 ufetubi (D:6)
  A worm (D:5)
  62 orcs
  3 ball pythons (D:2)
  10 endoplasms
  5 giant cockroaches
  9 goblins
  6 hobgoblins
  10 jackals
  15 kobolds
  5 quokkas
  6 bats
  7 frilled lizards
  7 rats
1384 creatures vanquished.

Vanquished Creatures (collateral kills)
  Frederick (Vaults:2)
  2 ancient liches (Vaults:5)
  3 orbs of fire (Zot:5)
  Xtahua (Vaults:2)
  Boris (Depths:2)
  4 Killer Klowns (Zot:5)
  A curse toe (Zot:5)
  Nikola (Snake:2)
  3 golden dragons
  Jory (Vaults:5)
  3 liches
  8 tentacled monstrosities
  A deep elf blademaster (Elf:3)
  18 Orb Guardians
  A walking divine tome (Depths:3)
  4 titans
  3 quicksilver dragons
  2 sphinxes
  6 tengu reavers
  A protean progenitor (Zot:3)
  Aizul (Snake:2)
  A kraken (Shoals:3)
  7 shadow dragons
  7 storm dragons
  4 nagarajas
  2 draconian monks
  2 draconian knights
  6 fire giants
  Louise (Elf:3)
  7 vault wardens
  3 draconian shifters
  A ghost moth (Zot:5)
  5 frost giants
  A balrug (Depths:4)
  4 deep elf sorcerers
  3 draconian scorchers
  A deep elf elementalist (Elf:3)
  2 orc warlords
  A caustic shrike zombie (Depths:3)
  A draconian stormcaller (Depths:4)
  3 draconian annihilators
  An angel (Depths:1)
  3 very ugly things
  A broodmother (Zot:3)
  7 ironbound preservers
  2 ironbound thunderhulks
  A caustic shrike skeleton (Depths:3)
  2 vampire knights
  2 deep elf demonologists (Elf:3)
  2 deep elf death magi (Elf:3)
  13 stone giants
  2 green draconians (Zot:5)
  5 dire elephants (Vaults:3)
  4 black draconians
  6 deep elf annihilators (Elf:3)
  The ghost of paps the Impaler, a journeyman OpDe of Gozag (Lair:3)
  A spark wasp (Depths:2)
  3 white draconians
  4 purple draconians
  2 red draconians
  The ghost of Bueryul the Basher, a journeyman GrFi of Okawaru (Lair:4)
  5 yellow draconians
  4 merfolk impalers
  A merfolk javelineer (Shoals:4)
  5 ettins
  3 fire dragons
  Snorg (D:10)
  3 statues (Depths:2)
  3 deep elf high priests (Elf:3)
  An entropy weaver (Vaults:3)
  9 great orbs of eyes
  5 ice dragons
  5 yaktaur captains
  2 rakshasas (Depths:1)
  4 hydras
  6 vault guards (Vaults:5)
  A death knight (D:11)
  2 catoblepae (D:13)
  3 spriggan air magi
  A merfolk aquamancer (Shoals:2)
  3 ironbound frosthearts
  4 anacondas
  14 dancing weapons
  A boulder beetle (Lair:4)
  7 centaur warriors
  3 satyrs
  2 naga warriors
  7 two-headed ogres
  A sphinx skeleton (Depths:3)
  A demonic crawler (Lair:3)
  6 death yaks
  2 tengu warriors (Depths:3)
  A soul eater (Depths:2)
  6 naga sharpshooters
  2 spriggan berserkers
  2 vampire magi (Depths:3)
  2 shock serpents
  8 deep elf knights
  An iron troll (Depths:1)
  4 hell knights
  A salamander mystic (Snake:4)
  3 skeletal warriors
  A sea snake (shapeshifter) (Vaults:5)
  5 sea snakes
  2 skysharks (Shoals:2)
  A storm dragon skeleton (D:15)
  A naga ritualist (Snake:1)
  A lindwurm (shapeshifter) (Vaults:5)
  14 deep trolls
  6 lindwurms
  10 ironbound convokers
  A necromancer (Depths:3)
  5 deep elf archers
  4 orc knights
  5 harpies
  A mana viper (Snake:1)
  5 phantasmal warriors
  An arcanist (Vaults:3)
  8 deep elf pyromancers
  15 deep elf zephyrmancers
  A faun (shapeshifter) (Depths:4)
  A shadow dragon skeleton (Vaults:5)
  5 orc sorcerers
  10 fauns
  14 ugly things
  7 moths of wrath
  3 oklob plants
  3 cyclopes
  An elephant (Lair:5)
  5 manticores
  A stone giant zombie (Vaults:5)
  2 salamanders
  8 naga magi
  19 slime creatures
  A kobold blastminer (Orc:1)
  An orange demon (Zot:4)
  13 black mambas
  2 apis skeletons (Depths:1)
  A smoke demon (Depths:2)
  A black mamba (shapeshifter) (D:14)
  A gargoyle (D:11)
  9 vault sentinels
  5 water nymphs
  4 guardian serpents
  6 merfolk sirens
  4 komodo dragons
  A rime drake (Lair:3)
  A hellion (Depths:3)
  7 cane toads
  An unseen horror (D:10)
  3 yaktaurs
  3 tengu conjurers (Depths:2)
  A freezing wraith (Vaults:5)
  An efreet (Zot:1)
  A tormentor (Depths:3)
  A golden dragon simulacrum (Depths:3)
  3 trolls
  5 wind drakes
  9 merfolk
  2 meliai (D:14)
  3 hornets
  A hornet (shapeshifter) (D:14)
  4 blink frogs
  5 snapping turtles
  A glass eye (Depths:2)
  4 dream sheep
  An air elemental (Abyss:2)
  11 water elementals
  2 shadows
  13 yaks
  4 wyverns
  3 wargs
  5 wraiths (D:12)
  2 fire elementals
  A human (shapeshifter) (Vaults:5)
  4 basilisks
  A steam dragon (Lair:3)
  A golden eye (D:13)
  A redback (shapeshifter) (Elf:2)
  5 vampire mosquitoes
  A naga (shapeshifter) (D:14)
  20 nagas
  2 swamp worms (Lair:3)
  2 acid dragons
  4 water moccasins
  19 orc warriors
  A swamp drake (Bailey)
  2 sky beasts
  An ice beast (D:9)
  2 ogres
  10 wolves
  9 centaurs
  2 kobold brigands
  2 nameless horrors
  8 bullfrogs
  An earth elemental (Elf:2)
  A wight (D:8)
  28 killer bees
  3 howler monkeys
  3 hounds (D:11)
  10 orc priests
  A jelly (D:12)
  2 sleepcaps
  A gnoll bouda (D:9)
  An iguana (D:7)
  8 orc wizards
  2 gnolls (D:9)
  A shadow imp (D:8)
  40 orcs
  A giant cockroach (D:1)
  A bat (D:1)
  8 kobolds
858 creatures vanquished.

Vanquished Creatures (others)
  A draconian shifter (Zot:1)
  A salamander tyrant (Snake:4)
  A dancing weapon (Elf:1)
  A deep elf knight (Elf:1)
  An iron troll (Zot:1)
  3 moths of wrath (Zot:1)
  A troll (D:13)
  An ogre (Zot:1)
  A howler monkey (D:8)
  69 battlemagi
  10 ancestors
  A ball lightning (Abyss:2)
  4 tentacles (Shoals:3)
95 creatures vanquished.

Grand Total: 2337 creatures vanquished

Notes
Turn   | Place    | Note
-------+----------+-------------------------------------------
     0 | D:1      | iamserjio the Octopode Wanderer began the quest for the
                  | Orb.
     0 | D:1      | iamserjio set off with the following items: a +0 dagger, a
                  | potion of lignification, a +0 hat; and the following spell
                  | memorised: Summon Small Mammal; and the following spells
                  | available to memorise: Sublimation of Blood, Cigotuvi's
                  | Dreadful Rot, Summon Guardian Golem, Summon Ice Beast.
     0 | D:1      | Reached XP level 1. HP: 13/13 MP: 2/2
   196 | D:1      | Reached skill level 2 in Fighting
   196 | D:1      | Reached XP level 2. HP: 19/19 MP: 3/3
   267 | D:1      | Found a faded altar of an unknown god.
   834 | D:2      | Reached XP level 3. HP: 25/25 MP: 4/4
   976 | D:2      | Noticed Terence
  1109 | D:2      | Reached skill level 3 in Fighting
  1571 | D:2      | Reached skill level 1 in Dodging
  1974 | D:2      | Killed Terence
  1975 | D:2      | Reached XP level 4. HP: 17/32 MP: 3/5
  2105 | D:3      | Learned a level 4 spell: Summon Ice Beast
  2295 | D:3      | Found an ornate altar of the Wu Jian Council.
  2362 | D:3      | Reached XP level 5. HP: 30/37 MP: 6/6
  2919 | D:3      | Found a large runed translucent door.
  2920 | D:3      | Found a large runed translucent door.
  2922 | D:3      | Found a corrupted altar of Lugonu.
  3007 | D:3      | Reached skill level 1 in Ice Magic
  3018 | D:3      | Found a sacrificial altar of Ru.
  3026 | D:3      | Became a worshipper of Ru the Awakened
  3081 | D:3      | Found a one-way gate to the infinite horrors of the Abyss.
  3085 | D:3      | Found a snail-covered altar of Cheibriados.
  3761 | D:4      | Noticed a lemure
  3807 | D:4      | Found Opaolida's General Store.
  3816 | D:4      | Bought 3 scrolls of fear for 144 gold pieces
  4031 | D:4      | Noticed a lemure
  4057 | D:4      | Noticed a lemure
  4323 | D:4      | Noticed a lemure
  4436 | D:4      | You fall into a shaft and drop 1 floor!
  4436 | D:5      | Entered Level 5 of the Dungeon
  4436 | D:5      | Found a staircase to the Ecumenical Temple.
  4437 | D:5      | Noticed Blork the orc
  4454 | D:5      | Killed Blork the orc
  4455 | D:5      | Reached skill level 4 in Fighting
  4455 | D:5      | Reached XP level 6. HP: 9/43 MP: 8/8
  4711 | Temple   | Found a transporter.
  4711 | Temple   | Found a transporter.
  4711 | Temple   | Found a transporter.
  4711 | Temple   | Found a transporter.
  4711 | Temple   | Entered the Ecumenical Temple
  4748 | Temple   | Fell from the grace of Ru
  4748 | Temple   | Became a worshipper of Hepliaklqana the Forgotten
  4967 | D:5      | Reached XP level 7. HP: 29/48 MP: 10/10
  5750 | D:5      | Reached XP level 8. HP: 54/54 MP: 12/12
  5778 | D:5      | Reached skill level 5 in Summonings
  5836 | D:5      | Reached skill level 5 in Ice Magic
  6007 | D:4      | Bought a scroll of silence for 114 gold pieces
  6110 | D:4      | Noticed Pikel
  6136 | D:4      | Killed Pikel
  6445 | D:6      | Learned a level 3 spell: Hailstorm
  6449 | D:6      | Learned a level 3 spell: Summon Guardian Golem
  6491 | D:6      | Reached skill level 1 in Evocations
  6782 | D:6      | Reached XP level 9. HP: 39/60 MP: 15/15
  6967 | D:6      | Noticed a two-headed ogre
  6984 | D:6      | Reached skill level 5 in Fighting
  7458 | D:6      | Killed a two-headed ogre
  7459 | D:6      | Reached skill level 6 in Fighting
  7697 | D:7      | Noticed a two-headed ogre
  7747 | D:7      | Found a burning altar of Makhleb.
  7790 | D:7      | Found a basalt altar of Yredelemnul.
  7834 | D:7      | Reached * piety under Hepliaklqana
  8039 | D:7      | Found an iron altar of Okawaru.
  8051 | D:7      | Reached skill level 7 in Fighting
  8340 | D:7      | Found a blossoming altar of Fedhas.
  8424 | D:7      | Reached XP level 10. HP: 44/63 MP: 16/16
  8514 | D:7      | Reached skill level 1 in Polearms
  8514 | D:7      | Reached skill level 5 in Dodging
  8707 | D:7      | Found a hide-covered altar of Uskayaw.
  9038 | D:7      | Killed a two-headed ogre
  9088 | D:8      | Found a stormy altar of Qazlal.
  9166 | D:8      | Noticed Psyche
  9246 | D:8      | Reached skill level 8 in Fighting
  9280 | D:8      | Found a flagged portal.
  9289 | Bailey   | Entered a bailey
  9902 | Bailey   | Noticed an orc knight
  9931 | Bailey   | Killed an orc knight
  9975 | Bailey   | Reached skill level 5 in Polearms
 10504 | D:9      | Noticed a cyan ugly thing
 10521 | D:9      | Killed a cyan ugly thing
 10748 | D:9      | Noticed a skeletal warrior
 10844 | D:8      | Psyche changed into Psyche the naga
 10844 | D:8      | Noticed Psyche
 10936 | D:8      | Killed Psyche the naga
 10937 | D:8      | Reached XP level 11. HP: 66/69 MP: 13/17
 11057 | D:8      | Noticed a two-headed ogre
 11057 | D:8      | Noticed a deep elf pyromancer
 11058 | D:8      | Noticed a manticore
 11076 | D:8      | Found a broken altar of Ashenzari.
 11598 | D:8      | Noticed a cyclops
 11608 | D:8      | Noticed a cyclops
 11767 | D:8      | Noticed a two-headed ogre
 11774 | D:8      | Killed a two-headed ogre
 11958 | D:8      | Reached ** piety under Hepliaklqana
 11959 | D:8      | Remembered your ancestor Osbert as a battlemage
 12764 | D:9      | Identified the +1 falchion "Dethoppu" {heavy, *Rage MP+9
                  | Dex+8}
 12936 | D:9      | Noticed a cyclops
 13379 | D:9      | Noticed a two-headed ogre
 13416 | D:9      | Killed a skeletal warrior
 13417 | D:9      | Reached skill level 10 in Polearms
 13677 | D:9      | Noticed a two-headed ogre
 14021 | D:9      | Killed a cyclops
 14046 | D:9      | Found a staircase to the Orcish Mines.
 14135 | D:9      | Killed a two-headed ogre
 14136 | D:9      | Reached XP level 12. HP: 69/73 MP: 11/18
 14248 | D:9      | Killed a two-headed ogre
 14352 | D:9      | Noticed a two-headed ogre
 14375 | D:9      | Killed a two-headed ogre
 14826 | D:9      | Found a glowing golden altar of the Shining One.
 15181 | D:9      | Found a glowing golden altar of the Shining One.
 15430 | D:9      | Found a staircase to the Orcish Mines.
 15643 | D:10     | Entered Level 10 of the Dungeon
 15712 | D:10     | Noticed Snorg
 15822 | D:10     | Reached skill level 1 in Shapeshifting
 15823 | D:10     | Noticed Joseph
 15901 | D:10     | Killed Joseph
 16111 | D:10     | Killed Snorg
 16194 | D:10     | Reached skill level 10 in Dodging
 16693 | D:10     | Reached skill level 9 in Fighting
 16966 | D:11     | Noticed a death knight
 17012 | D:11     | Reached *** piety under Hepliaklqana
 17342 | D:11     | Found a staircase to the Lair.
 17932 | D:11     | Killed a death knight
 17933 | D:11     | Reached XP level 13. HP: 61/81 MP: 18/19
 18293 | D:11     | Reached skill level 10 in Fighting
 18472 | D:11     | Found a staircase to the Lair.
 19178 | D:12     | Noticed Josephine
 19705 | D:12     | Killed Josephine
 19916 | D:12     | Noticed Frances
 19946 | D:12     | Killed Frances
 20175 | D:12     | Reached skill level 11 in Fighting
 20332 | Lair:1   | Entered Level 1 of the Lair of Beasts
 20559 | Lair:1   | Identified a scroll of acquirement
 20700 | Lair:1   | Acquired the +2 buckler of the Maze {^Contam rPois SInv}
 21129 | Lair:2   | Reached skill level 5 in Shapeshifting
 21174 | Lair:2   | Reached **** piety under Hepliaklqana
 21308 | Lair:2   | Reached skill level 1 in Shields
 22297 | Lair:3   | Found a staircase to the Snake Pit.
 22367 | Lair:3   | Found a runed translucent door.
 22635 | Lair:3   | Reached XP level 14. HP: 90/90 MP: 20/20
 22697 | Lair:3   | Reached skill level 1 in Invocations
 23242 | Lair:3   | Reached ***** piety under Hepliaklqana
 23486 | Lair:3   | Found a staircase to the Shoals.
 23848 | Lair:3   | Identified the +1 chain mail of Butsil Disokk {Str+6}
 23950 | Lair:3   | Identified the ring "Hacy" {rN+ rCorr Str+3 Int+6}
 24253 | Lair:3   | Reached skill level 12 in Fighting
 24423 | Lair:3   | Noticed paps's ghost (journeyman OpDe)
 24446 | Lair:3   | Reached skill level 5 in Invocations
 24915 | Lair:4   | Found a transporter.
 24917 | Lair:4   | Found a transporter.
 24917 | Lair:4   | Noticed Bueryul's ghost (journeyman GrFi)
 25640 | Lair:5   | Entered Level 5 of the Lair of Beasts
 25922 | Lair:5   | Reached skill level 13 in Fighting
 25922 | Lair:5   | Reached XP level 15. HP: 70/99 MP: 17/21
 26266 | Lair:5   | Found a viscous altar of Jiyva.
 26266 | Lair:5   | Found a staircase to the Slime Pits.
 27040 | Lair:5   | Reached skill level 14 in Fighting
 27563 | Lair:5   | Learned a level 4 spell: Summon Lightning Spire
 27851 | Lair:3   | Killed paps's ghost
 28176 | D:13     | Reached skill level 1 in Air Magic
 28795 | D:13     | Found an ancient bone altar of Kikubaaqudgha.
 29233 | D:13     | Found a gate to the Vaults.
 29395 | D:13     | Reached skill level 15 in Fighting
 29716 | D:13     | Reached XP level 16. HP: 109/109 MP: 22/22
 29835 | D:14     | Reached skill level 5 in Evocations
 30212 | D:14     | Found a radiant altar of Vehumet.
 31174 | D:14     | Reached skill level 16 in Fighting
 31434 | D:15     | Entered Level 15 of the Dungeon
 31654 | D:15     | Found a staircase to the Depths.
 32543 | Shoals:1 | Entered Level 1 of the Shoals
 32743 | Orc:1    | Entered Level 1 of the Orcish Mines
 32784 | Orc:1    | Paralysed by an orc sorcerer for 5 turns
 33251 | Orc:2    | Entered Level 2 of the Orcish Mines
 33694 | Orc:2    | Found a staircase to the Elven Halls.
 33732 | Orc:2    | Found Ynaptu's Distillery.
 33825 | Orc:2    | Bought a potion of haste for 140 gold pieces
 33825 | Orc:2    | Bought a potion of heal wounds for 70 gold pieces
 33825 | Orc:2    | Bought a potion of cancellation for 112 gold pieces
 33825 | Orc:2    | Bought a potion of curing for 42 gold pieces
 34183 | Orc:2    | Reached skill level 17 in Fighting
 34231 | Orc:2    | Found Ketrame's Antique Armour Boutique.
 34234 | Orc:2    | Found Lody's Antique Weapon Shop.
 34709 | Orc:2    | Found Kiffoap's Antique Weapon Shoppe.
 34834 | Orc:2    | Learned a level 7 spell: Malign Gateway
 35401 | Elf:1    | Entered Level 1 of the Elven Halls
 35414 | Elf:1    | Reached XP level 17. HP: 118/118 MP: 19/23
 36598 | Elf:1    | Found a huge runed translucent gate.
 36599 | Elf:1    | Found a huge runed translucent gate.
 36599 | Elf:1    | Found a huge runed translucent gate.
 36600 | Elf:1    | Found a huge runed translucent gate.
 36615 | Elf:1    | Found a huge runed translucent gate.
 36616 | Elf:1    | Found a huge runed translucent gate.
 36616 | Elf:1    | Found a huge runed translucent gate.
 36617 | Elf:1    | Noticed a deep elf blademaster
 36691 | Elf:1    | Found a huge runed translucent gate.
 36693 | Elf:1    | Identified the +10 double sword of Eppa {flame, rCorr MP+9}
 36693 | Elf:1    | Noticed a deep elf blademaster
 37252 | Elf:2    | Reached skill level 5 in Shields
 38035 | Elf:2    | Reached skill level 18 in Fighting
 38308 | Elf:2    | Noticed Asterion
 38309 | Elf:2    | Reached skill level 15 in Dodging
 39079 | Elf:3    | Entered Level 3 of the Elven Halls
 39143 | Elf:3    | Noticed Louise
 39315 | Elf:3    | Reached XP level 18. HP: 127/127 MP: 24/24
 39854 | Elf:3    | Reached skill level 15 in Polearms
 40303 | Elf:3    | Identified the ring "Arroymis" {Fire rElec Int+3 SInv}
 40588 | Elf:3    | Killed Louise
 40647 | Elf:3    | Found Muroadike's Gadget Gallery.
 40651 | Elf:3    | Bought a wand of digging (2) for 151 gold pieces
 40651 | Elf:3    | Bought a wand of mindburst (5) for 126 gold pieces
 40651 | Elf:3    | Bought a wand of quicksilver (3) for 226 gold pieces
 40651 | Elf:3    | Bought a wand of quicksilver (2) for 151 gold pieces
 41831 | Elf:3    | Identified the +6 war axe of Disharmony {freeze, Dex+3}
 41851 | Abyss:2  | Cast into level 2 of the Abyss (a deep elf sorcerer)
 41861 | Abyss:2  | Found a corrupted altar of Lugonu.
 41924 | Abyss:2  | Paralysed by an air elemental for 1 turns
 41946 | Elf:3    | Escaped the Abyss
 42205 | Elf:3    | Gained mutation: You occasionally shout uncontrollably at
                  | your foes. [mutagenic glow]
 42369 | Elf:3    | Identified the +8 glaive of Dividends {heavy, rPois rF-
                  | Will+++ Int+3}
 42369 | Elf:3    | Identified the amulet of the Quests {Acrobat Will+ Str+4
                  | Int-4 SInv}
 42703 | Elf:3    | Noticed a deep elf blademaster
 42711 | Elf:3    | Killed a deep elf blademaster
 42726 | Elf:3    | Noticed a deep elf master archer
 42730 | Elf:3    | Killed a deep elf master archer
 42865 | Elf:3    | Identified the staff of Woried {rF+ Str+2 Fire}
 43010 | Elf:3    | Noticed a deep elf blademaster
 43015 | Elf:3    | Killed a deep elf blademaster
 43314 | Elf:3    | Got Jaafeicw's Papyrus of the Impact
 43344 | Elf:3    | Identified the +1 helmet of Somewhere Else {^Drain rPois
                  | Str+6}
 43350 | Elf:3    | Identified the staff of the Last Scars {rElec Dex+3 Stlth+
                  | Air Earth}
 43356 | Elf:3    | Identified the +5 shortbow of a Million Servitors {speed,
                  | rC- rCorr Dex+8 SInv}
 43627 | Elf:3    | Learned a level 3 spell: Ozocubu's Armour
 43657 | Elf:2    | Killed Asterion
 43717 | Elf:2    | Found a huge runed translucent gate.
 43719 | Elf:2    | Found a huge runed translucent gate.
 43719 | Elf:2    | Found a huge runed translucent gate.
 43721 | Elf:2    | Found a huge runed translucent gate.
 43721 | Elf:2    | Found a huge runed translucent gate.
 44477 | Shoals:1 | Found Tenla's Jewellery Boutique.
 44494 | Shoals:1 | Reached XP level 19. HP: 87/133 MP: 25/25
 44614 | Shoals:1 | Bought a +5 ring of evasion for 684 gold pieces
 44946 | Shoals:2 | Reached skill level 10 in Shapeshifting
 44984 | Shoals:2 | Reached skill level 19 in Fighting
 44991 | Shoals:2 | Reached skill level 10 in Shields
 45028 | Shoals:2 | Found a flickering gateway to a bazaar.
 45039 | Bazaar   | Entered a bazaar
 45039 | Bazaar   | Found Nuczivag's Armour Shop.
 45039 | Bazaar   | Found Munof's Antique Weapon Shop.
 45039 | Bazaar   | Found Kofiryl's Distillery.
 45171 | Bazaar   | Found Qesm's Armour Shoppe.
 45171 | Bazaar   | Found Waiwacw's Distillery.
 45211 | Bazaar   | Bought a potion of mutation for 104 gold pieces
 45211 | Bazaar   | Bought a potion of haste for 130 gold pieces
 45211 | Bazaar   | Bought a potion of invisibility for 104 gold pieces
 45211 | Bazaar   | Bought a potion of heal wounds for 65 gold pieces
 45211 | Bazaar   | Bought a potion of cancellation for 104 gold pieces
 45211 | Bazaar   | Bought a potion of ambrosia for 104 gold pieces
 45211 | Bazaar   | Bought a potion of haste for 130 gold pieces
 45211 | Bazaar   | Bought a potion of heal wounds for 65 gold pieces
 45219 | Bazaar   | Bought a potion of magic for 48 gold pieces
 45219 | Bazaar   | Bought a potion of curing for 18 gold pieces
 45219 | Bazaar   | Bought a potion of mutation for 48 gold pieces
 45219 | Bazaar   | Bought a potion of haste for 60 gold pieces
 45219 | Bazaar   | Bought a potion of haste for 60 gold pieces
 45219 | Bazaar   | Bought a potion of heal wounds for 30 gold pieces
 45890 | Shoals:3 | Reached ****** piety under Hepliaklqana
 46542 | Shoals:4 | Entered Level 4 of the Shoals
 46756 | Shoals:4 | Identified the staff of the Grinning Oracle {rPois Str-3
                  | Summ Fire Ice Alchemy}
 47530 | Shoals:4 | Got a barnacled rune of Zot
 47872 | Snake:1  | Entered Level 1 of the Snake Pit
 47991 | Snake:1  | Identified the +4 dagger "Wacky" {freeze, rN+ rCorr Str-4}
 48022 | Snake:1  | Got Diresass's Parchment of the Curious Beasts
 48253 | Snake:1  | Reached XP level 20. HP: 115/142 MP: 16/26
 48324 | Snake:1  | Found a stormy altar of Qazlal.
 48759 | Snake:2  | Found a transporter.
 48777 | Snake:2  | Identified the serpent talisman of Objectivity {Str+6 Int+4
                  | SInv}
 48777 | Snake:2  | Noticed Aizul
 48795 | Snake:2  | Killed Aizul
 48874 | Snake:2  | Reached skill level 20 in Fighting
 48924 | Snake:2  | Noticed Nikola
 48935 | Snake:2  | Killed Nikola
 49103 | Snake:2  | Found a transporter.
 49832 | Snake:4  | Entered Level 4 of the Snake Pit
 51101 | Snake:4  | Got a serpentine rune of Zot
 51377 | Snake:2  | Reached skill level 1 in Translocations
 51414 | Snake:2  | Got Ungut's Handbook of Conjury and Tephra
 51420 | Snake:2  | Identified the amulet "Apheguuz" {Rampage ^Drain rElec
                  | Regen+ Str+3}
 51428 | Snake:2  | Identified the amulet of Epsemoz {Reflect rN+ Will+ MP-9
                  | Dex+2 SH+5}
 51557 | Lair:4   | Killed Bueryul's ghost
 51595 | Lair:4   | Learned a level 2 spell: Passwall
 51755 | Vaults:1 | Entered Level 1 of the Vaults
 51874 | Vaults:1 | Found Ylivopno's Weapon Shop.
 51880 | Vaults:1 | Reached skill level 1 in Alchemy
 51887 | Vaults:1 | Bought 2 curare-tipped darts for 50 gold pieces
 51957 | Vaults:1 | Reached skill level 1 in Earth Magic
 51958 | Vaults:1 | Reached XP level 21. HP: 148/148 MP: 19/28
 52103 | Vaults:1 | Found Guteygeiv's Weapon Shop.
 52296 | Vaults:1 | Found Plog's Book Boutique.
 52323 | Vaults:1 | Found Usuog's Distillery.
 52331 | Vaults:1 | Bought a potion of resistance for 220 gold pieces
 52331 | Vaults:1 | Bought a potion of curing for 66 gold pieces
 52331 | Vaults:1 | Bought a potion of mutation for 176 gold pieces
 52331 | Vaults:1 | Bought a potion of resistance for 220 gold pieces
 52331 | Vaults:1 | Bought a potion of haste for 220 gold pieces
 52584 | Vaults:1 | Reached skill level 5 in Spellcasting
 53156 | Vaults:2 | Found a staircase to the Crypt.
 53176 | Vaults:2 | Noticed Xtahua
 53219 | Vaults:2 | Killed Xtahua
 53639 | Vaults:2 | Noticed Sojobo
 53656 | Vaults:2 | Noticed Frederick
 53667 | Vaults:2 | Killed Frederick
 54694 | Vaults:2 | Killed Sojobo
 54695 | Vaults:2 | Reached skill level 5 in Alchemy
 54999 | Vaults:2 | Identified the +4 falchion of Hiz Cipp {venom, rF+ rCorr
                  | Int+4}
 55288 | Vaults:3 | Reached skill level 21 in Fighting
 55495 | Vaults:3 | Reached XP level 22. HP: 115/156 MP: 18/31
 55582 | Vaults:3 | Found Woak Ase's Antique Armour Emporium.
 55582 | Vaults:3 | Found Vagel's Antique Weapon Emporium.
 55588 | Vaults:3 | Bought an embroidered hat for 308 gold pieces
 55600 | Vaults:3 | Found Zuidus's Weapon Emporium.
 56160 | Vaults:3 | Reached skill level 5 in Translocations
 56841 | Vaults:4 | Found a runed translucent door.
 57577 | Vaults:4 | Acquired the ring "Cituupt" {rF+ Dex+4}
 57809 | Depths:1 | Entered Level 1 of the Depths
 58176 | Elf:2    | Reached skill level 22 in Fighting
 58176 | Elf:2    | Reached skill level 10 in Invocations
 59534 | Depths:1 | Found a gateway to Hell.
 59543 | Depths:1 | Found a one-way gateway to a ziggurat.
 59673 | Depths:1 | Reached XP level 23. HP: 163/163 MP: 26/35
 60002 | Depths:1 | Found a basalt altar of Yredelemnul.
 60245 | Depths:1 | Found Asoloem's Book Boutique.
 60274 | Depths:1 | Reached skill level 10 in Ice Magic
 60474 | Depths:1 | Found Yloulakk's Jewellery Emporium.
 60474 | Depths:1 | Found Jomeb's Book Shop.
 60475 | Depths:1 | Found Redar's Jewellery Emporium.
 60887 | Depths:2 | Found the +15 Maxwell's patent armour {-Cast -Tele rElec
                  | Will+ rCorr}
 60911 | Depths:2 | Found a radiant altar of Vehumet.
 60911 | Depths:2 | Noticed Boris
 60921 | Depths:2 | Killed Boris
 60934 | Depths:2 | Identified the +0 buckler "Ixzesih" {rC+ rN++ Dex+4}
 60959 | Depths:2 | Identified the ring of Generosity {rF+ Will+ Str+3}
 61576 | Depths:2 | Found Qioviukk's Assorted Antiques.
 61836 | Depths:2 | Found a one-way gate leading to the halls of Pandemonium.
 62077 | Depths:3 | Found a shadowy altar of Dithmenos.
 62301 | Depths:3 | Reached skill level 5 in Stealth
 62570 | Depths:3 | Reached XP level 24. HP: 137/170 MP: 26/35
 62588 | Depths:3 | Identified the +5 rapier of False Accusations {heavy, rF+
                  | Int-3 SInv}
 63512 | Depths:3 | Reached skill level 10 in Evocations
 63818 | Depths:4 | Entered Level 4 of the Depths
 63949 | Depths:4 | Found a white marble altar of Elyvilon.
 64408 | Depths:4 | Found a gate to the Realm of Zot.
 65609 | Depths:2 | Bought a potion of invisibility for 312 gold pieces
 65609 | Depths:2 | Bought a potion of curing for 117 gold pieces
 65609 | Depths:2 | Bought a potion of curing for 117 gold pieces
 65924 | Vaults:5 | Entered Level 5 of the Vaults
 65949 | Vaults:5 | Noticed an ancient lich
 66171 | Vaults:5 | Noticed an ancient lich
 66187 | Vaults:5 | Killed an ancient lich
 66188 | Vaults:5 | Reached skill level 10 in Stealth
 66428 | Vaults:5 | Reached XP level 25. HP: 144/169 MP: 31/35
 66469 | Vaults:5 | Identified the +0 scale mail of Twilight {^Drain rElec
                  | rPois}
 66530 | Vaults:5 | Got a silver rune of Zot
 66891 | Vaults:5 | Killed an ancient lich
 66941 | Vaults:5 | Got Roasy's Reference Book on Weird Conflagration
 66974 | Vaults:5 | Identified the amulet of Hasepligh {Faith -Tele rC+++
                  | Regen+ Int+3}
 67136 | Vaults:5 | Noticed Jory
 67153 | Vaults:5 | Killed Jory
 67239 | Vaults:5 | Identified the ring "Vott" {rF+ rN+}
 67248 | Vaults:5 | Identified the ring "Onaideoss" {*Slow rN+ Int+2 Dex+2}
 67286 | Vaults:5 | Identified the +1 dagger of Disintegration {freeze, rC- rN+
                  | Str+3 Int+5}
 67289 | Vaults:5 | Got the Folio of the Barnacle
 67295 | Vaults:5 | Identified the staff of Lugonu, Fortifying {rF+ rN++ Int+2
                  | Fire}
 67519 | Vaults:5 | Identified the +5 ring mail of the Northern Lights {Dex+2}
 67590 | Vaults:5 | Identified the ring "Gojics" {rCorr MP+9}
 67997 | Depths:2 | Bought 2 scrolls of summoning for 741 gold pieces
 68244 | Vaults:3 | Bought a polished trident for 408 gold pieces
 68244 | Vaults:3 | Identified the +3 trident of the Curious Lives {flame, Fly}
                  | (You bought it in a shop on level 3 of the Vaults)
 68244 | Vaults:3 | Bought a transparent mace for 384 gold pieces
 68244 | Vaults:3 | Identified the +9 mace of Precise Incision {drain, ^Fragile
                  | rN++ Dex+4} (You bought it in a shop on level 3 of the
                  | Vaults)
 68349 | Vaults:1 | Bought a potion of magic for 176 gold pieces
 68354 | Vaults:1 | Learned a level 4 spell: Manifold Assault
 68357 | Vaults:1 | Learned a level 2 spell: Lesser Beckoning
 68585 | Zot:1    | Entered Level 1 of the Realm of Zot
 68621 | Zot:1    | Reached skill level 15 in Evocations
 68663 | Zot:1    | Found the +4 dragonskin cloak
 68663 | Zot:1    | Noticed Tiamat
 69427 | Zot:1    | Reached skill level 10 in Translocations
 69748 | Zot:1    | Killed Tiamat
 69761 | Zot:1    | Reached XP level 26. HP: 121/180 MP: 19/35
 70186 | Zot:1    | Identified the +6 hand axe of Oqugg {flame, *Slow rPois
                  | rC+}
 71000 | Zot:5    | Entered Level 5 of the Realm of Zot
 72171 | Zot:5    | Noticed an orb of fire
 72181 | Zot:5    | Killed an orb of fire
 72181 | Zot:5    | Noticed an orb of fire
 72187 | Zot:5    | Killed an orb of fire
 72195 | Zot:5    | Noticed an orb of fire
 72203 | Zot:5    | Killed an orb of fire
 72238 | Zot:5    | Noticed a Killer Klown
 72252 | Zot:5    | Killed a Killer Klown
 72296 | Zot:5    | Noticed a Killer Klown
 72302 | Zot:5    | Killed a Killer Klown
 72408 | Zot:5    | Noticed a Killer Klown
 72408 | Zot:5    | Noticed a Killer Klown
 72411 | Zot:5    | Noticed a Killer Klown
 72411 | Zot:5    | Noticed a Killer Klown
 72416 | Zot:5    | Killed a Killer Klown
 72417 | Zot:5    | Noticed an ancient lich
 72423 | Zot:5    | Noticed an orb of fire
 72426 | Zot:5    | Killed a Killer Klown
 72429 | Zot:5    | Killed an orb of fire
 72431 | Zot:5    | Killed an ancient lich
 72432 | Zot:5    | Reached XP level 27. HP: 175/186 MP: 19/36
 72445 | Zot:5    | Reached skill level 10 in Spellcasting
 73339 | Zot:5    | Lost mutation: You occasionally shout uncontrollably at
                  | your foes. [potion of mutation]
 73339 | Zot:5    | Gained mutation: Your natural rate of healing is unusually
                  | fast. [potion of mutation]
 73390 | Zot:5    | Got the Orb of Zot
 73566 | Depths:4 | Identified the +2 tower shield "Ryplaode" {Str+3}
 73567 | Depths:4 | Noticed a seraph
 73713 | D:12     | Noticed Azol the pandemonium lord
 73950 | D:$      | Escaped with the Orb!

Illustrated notes

Levels and vault maps discovered:
D:1:      dpeg_arrival_boxorama, layout_basic, shapermc_ecumenical_altar_pompeii
D:2:      layout_loops_ring, st_stairs_10, grunt_decor_cap, uniq_terence
D:3:      due_chaos_kobolds, layout_basic, mainiacjoe_overflow_24_doors,
          nicolae_ru_awakened_eye, cheibriados_altar_2, hangedman_decor_points,
          minmay_gold_behind_fungi, lexackson_kobold_supper
D:4:      nicolae_BIG_FREAKIN_CUBE, layout_rooms, serial_shops, shop,
          minmay_stone_trees_small, minivault_25, dk_noncrumbling_4, uniq_pikel
D:5:      layout_rooms, temple_pool_b, st_stairs_6, uniq_blork_the_orc
D:6:      layout_basic, minmay_liquid_box
D:7:      layout_loops_ring, nicolae_uskayaw_suspiria, jmf_multi_god_temple,
          nicolae_overflow_squiral, item_on_display_a
D:8:      minmay_bubble_buster, layout_loops_ring, amcnicky_altar_gilded,
          old_standard_altar, enter_bailey_8, serial_undead, serial_undead_d,
          serial_undead_c, serial_undead_d, serial_undead_b, minivault_12,
          uniq_psyche
D:9:      cheibrodos_ideogram_h, layout_irregular_city, lemuel_round_altar,
          erik_orc_2
D:10:     wad_river_or_something, layout_loops_ring, uniq_joseph, uniq_snorg
D:11:     layout_roguey, erik_lair_island
D:12:     layout_basic, minivault_19, uniq_frances, uniq_josephine
D:13:     argonaut_augean_stables, layout_small_grid,
          skrybe_vaults_entry_preservation, kiku_gazebo_garden_becter
D:14:     hangedman_what_comes_after_a, layout_stronghold,
          nicolae_vehumet_radiance
D:15:     gammafunk_depths_entry_grave, layout_loops_ring, minmay_door_square
Temple:   hellmonk_temple_divided_pantheon
Lair:1:   layout_layer_cave, lemuel_fruit_tree, infiniplex_staircase_pool_2
Lair:2:   layout_cave_pods
Lair:3:   nzn_winding_woodlands_stair_cross
          [nzn_winding_woodlands_5x15_pathside_ponds,
          nzn_winding_woodlands_center_lodge,
          nzn_winding_woodlands_5x15_split_checker,
          nzn_winding_woodlands_5x5_cross,
          nzn_winding_woodlands_5x5_closed_star,
          nzn_winding_woodlands_5x15_twine, nzn_winding_woodlands_center_garden,
          nzn_winding_woodlands_5x15_default], layout_small_grid,
          minmay_shoals_entry_hut, minmay_snake_entry_guardpost_medium,
          ebering_ghost_reflecting_pool, worms_lemuel
Lair:4:   layout_cave_pods, gammafunk_ghost_arena, grunt_megastairs_2
Lair:5:   evilmike_catoblepas_cave, layout_regular_city, slime_entry_2,
          grunt_megastairs_4
Shoals:1: layout_shoals, serial_shops, shop, nicolae_shoals_land_atoll,
          nicolae_shoals_the_drawing_of_the_three
Shoals:2: layout_shoals, serial_shops, bzr_entry_gold,
          nicolae_shoals_water_shrine
Shoals:3: layout_shoals
Shoals:4: shoals_end_grunt_garden, layout_shoals, nicolae_shoals_water_booths
Snake:1:  layout_onion_interference, basic_altar
Snake:2:  gammafunk_its_a_trap, layout_misc_corridors, drop_trap, uniq_nikola,
          uniq_aizul
Snake:3:  layout_layer_cave
Snake:4:  hellmonk_snake_rune_quicksilver_temple, layout_cave_town,
          grunt_megastairs_5, serial_bayou_shore_a
Orc:1:    nicolae_orc_accident_1, layout_diamond_mine
Orc:2:    grunt_orc_community_town_hall, layout_caves,
          grunt_orc_community_big_house_2, grunt_orc_community_big_house_1,
          grunt_orc_community_house_1, grunt_orc_community_house_2,
          grunt_orc_community_house_1, grunt_orc_community_house_2,
          grunt_orc_community_house_3, grunt_orc_community_house_3,
          nicolae_orc_tapped_out
Elf:1:    eino_elf_arrival_shootout, layout_geoelf_octagon,
          hangedman_elven_crosses_minicolossus,
          nicolae_elf_double_double_double_trouble
Elf:2:    elven_hall_of_blades_hangedman_alternative
          [nicolae_blade_entry_diamond_columns], layout_gridlike, special_room
          [special_room_orc], roderic_lattice_octagonal_star, uniq_asterion
Elf:3:    minmay_elf_hall_x, layout_geoelf_diagonals, nicolae_shop_gadgets,
          uniq_louise
Vaults:1: v_rooms_6, v_misc_11, nicolae_vaults_network_quinsquares
          [nicolae_vaults_network_quincunx_subvault,
          nicolae_vaults_network_quincunx_subvault,
          nicolae_vaults_network_quincunx_subvault,
          nicolae_vaults_network_quincunx_subvault], vaults_dpeg_hooks,
          nicolae_vaults_sightless_eye, nicolae_vaults_weapon_check,
          vaults_dpeg_emergency_exit, layout_vaults_quadrants, serial_shops,
          shop_fountains, nicolae_shop_just_a_little_nook,
          nicolae_shop_bloodbath_and_beyond, nicolae_shop_real_fake_doors
Vaults:2: nicolae_vaults_offset_grid_hallway_3, v_pattern_3,
          nicolae_vaults_surprise_closet, minmay_crypt_entry_simple_statues,
          nicolae_vaults_closet_pinwheel_4, vaults_dpeg_encased_lava,
          nicolae_vaults_offset_grid_hallway_1, vaults_dpeg_ring, v_misc_32,
          hangedman_vaults_impose, nicolae_vaults_alarming,
          nicolae_vaults_little_squares_5, layout_vaults_ring, uniq_xtahua,
          uniq_sojobo, uniq_frederick
Vaults:3: nicolae_vaults_more_shelving_2, hangedman_vaults_pinch,
          nicolae_vaults_three_branches, v_misc_13, nicolae_vaults_network_s,
          nicolae_vaults_hallways_thing, v_misc_33, nicolae_vaults_tangram_2,
          hangedman_vaults_hard_town_square, nicolae_vaults_sesquioval_fish,
          nicolae_vaults_tetromino_T_1, nicolae_vaults_double_plus_1,
          layout_vaults_omnicross
Vaults:4: v_alt_pattern_2, v_misc_11, nicolae_vaults_double_plus_2,
          ontoclasm_vaults_ring_square, nicolae_vaults_storage_room_water,
          ontoclasm_vaults_chip, nicolae_vaults_tetromino_T_1,
          ontoclasm_vaults_gateway, nicolae_vaults_oozy_zoo,
          grunt_vaults_bifocal, vaults_mumra_hex, ontoclasm_vaults_pinch,
          nicolae_vaults_network_star, grunt_vaults_funnel,
          nicolae_vaults_layer_cake_slice, layout_vaults_maze_bifur
Vaults:5: serial_shops, uniq_jory
Depths:1: layout_basic, enter_ziggurat_f, hell_entry, serial_shops, shop,
          grunt_decor_fettered, hangedman_blasphemy, minmay_shop_grove
Depths:2: evilmike_halls_of_destruction, layout_gridlike, serial_shops,
          nicolae_lakefront_shop, rand_demon_pan_entry_8,
          grunt_decor_resistance, hell_entry, abyss_entry,
          minmay_staircase_statues_hall_large
Depths:3: minmay_the_grid_octo_tiled_squarecenter_mashed
          [minmay_the_grid_octo_focus, minmay_the_grid_octo_checkerflower,
          minmay_the_grid_octo_odd_swirl, minmay_the_grid_octo_checkered,
          minmay_the_grid_square_5x5_megaprize_crossed,
          minmay_the_grid_square_5x5_almost_minimal,
          minmay_the_grid_square_5x5_inverted_slash,
          minmay_the_grid_square_5x5_doubleslash,
          minmay_the_grid_square_5x5_broken_cross], layout_honeycomb,
          nicolae_dithmenos_shadow_blocks, grunt_pan_entry_zigzag, abyss_entry,
          grunt_hell_entry_dis_mu, infiniplex_staircase_zigzag_3, firewood_loft
Depths:4: grunt_zot_entry_tricorne, layout_basic, pf_dread_powers_of_hell,
          rand_demon_pan_entry_1, basic_altar
Zot:1:    lemuel_halls_of_wrath, layout_basic, uniq_tiamat
Zot:2:    layout_misc_corridors, regret_index_zotdec_onion_hex,
          regret_index_zotdec_misc_clamp
Zot:3:    layout_gridlike
Zot:4:    layout_twisted_circle, gammafunk_ghost_arena, uniq_josephina
Zot:5:    layout_gridlike, grunt_ministairs_3

Skill      XL: |  1  2  3  4  5  6  7  8  9 10 11 12 13 14 15 16 17 18 19 20 21 22 23 24 25 26 27 |
---------------+----------------------------------------------------------------------------------+-----
Fighting       | 2 3 4 7 8 9 11 13 15 17 18 19 20 21 22 | 22.0
Dodging        | 1 2 3 4 7 9 10 11 12 13 14 15 16 17 18 19 20 21 | 21.6
Ice Magic      | 1 3 4 6 7 9 11 | 11.0
Spellcasting   | 2 3 4 6 8 9 10 | 10.0
Summonings     | 4 5 |  5.6
Evocations     | 2 4 7 9 12 15 17 18 | 18.4
Polearms       | 6 10 11 12 13 14 15 16 17 18 | 18.8
Shapeshifting  | 3 6 7 9 10 | 10.0
Shields        | 3 6 9 12 | 12.0
Invocations    | 5 6 9 10 12 | 12.1
Air Magic      | 3 |  3.0
Translocations | 1 4 7 9 10 12 13 | 13.9
Alchemy        | 1 5 |  5.2
Earth Magic    | 1 4 |  4.8
Stealth        | 6 10 | 10.8
Necromancy     | |  2.0

Action                     |  1- 3 |  4- 6 |  7- 9 | 10-12 | 13-15 | 16-18 | 19-21 | 22-24 | 25-27 || total
---------------------------+-------+-------+-------+-------+-------+-------+-------+-------+-------++-------
  Melee: Dagger            |    80 |    76 |       |       |       |       |       |       |       ||   156
         Tentacles         |    22 |    19 |    33 |    89 |   196 |   196 |   317 |   525 |   291 ||  1688
         Constrict         |    18 |    17 |    27 |    61 |    68 |   134 |   133 |   152 |    76 ||   686
         Punch             |     1 |     1 |     2 |     8 |    12 |     6 |    26 |    48 |    13 ||   117
         Unarmed           |       |     4 |       |       |       |       |       |       |       ||     4
         Trident           |       |     9 |   172 |   446 |   785 |   713 |       |       |       ||  2125
         Demon trident     |       |       |       |       |       |   189 |  1128 |  1383 |   878 ||  3578
         Maw               |       |       |       |       |       |    16 |   377 |   588 |   361 ||  1342
   Fire: Arbalest          |     2 |       |       |       |       |       |       |       |       ||     2
  Throw: Dart              |     4 |    26 |    20 |     1 |     1 |     2 |       |       |       ||    54
         Stone             |       |     2 |       |       |       |       |       |       |       ||     2
         Throwing net      |       |       |       |     1 |     1 |       |       |       |     1 ||     3
   Cast: Summon Small Mamm |     3 |     2 |       |     1 |       |       |       |       |       ||     6
         Summon Ice Beast  |       |       |    11 |    41 |    53 |    59 |    12 |     9 |     9 ||   194
         Hailstorm         |       |       |     1 |       |       |       |       |       |       ||     1
         Summon Lightning  |       |       |       |       |       |     2 |       |       |       ||     2
         Ozocubu's Armour  |       |       |       |       |       |     1 |     2 |     6 |     5 ||    14
         Passwall          |       |       |       |       |       |       |       |     4 |     5 ||     9
 Invoke: Recall Ancestor   |       |       |       |    20 |    13 |    40 |     8 |     7 |    27 ||   115
         Ancestor Life: Ba |       |       |       |     1 |       |       |       |       |       ||     1
         Idealise          |       |       |       |       |     5 |    11 |     6 |     6 |    12 ||    40
  Evoke: Wand              |       |     1 |     4 |    20 |    16 |    26 |    12 |       |    17 ||    96
         Condenser vane    |       |       |       |       |       |       |     1 |     1 |     1 ||     3
         Phial of floods   |       |       |       |       |       |       |     1 |       |       ||     1
         Sack of spiders   |       |       |       |       |       |       |       |       |     1 ||     1
    Use: Scroll            |       |     7 |     2 |    17 |    13 |    13 |    13 |    14 |    13 ||    92
         Potion            |       |     1 |       |     1 |     4 |     5 |     4 |     7 |    19 ||    41
   Stab: Sleeping          |    12 |    12 |     7 |    14 |    13 |    19 |    10 |    21 |     4 ||   112
         Distracted        |       |     1 |       |    10 |    29 |    28 |    45 |    57 |    60 ||   230
         Held in net/web   |       |       |       |       |     2 |       |       |       |     6 ||     8
         Confused          |       |       |       |       |       |       |       |       |    19 ||    19
         Petrifying        |       |       |       |       |       |       |       |       |     5 ||     5
         Paralysed         |       |       |       |       |       |       |       |       |     2 ||     2
 Armour: Skin              |    30 |    30 |    64 |   167 |   155 |    96 |   158 |   145 |    82 ||   927
  Dodge: Dodged            |    39 |    41 |   100 |   249 |   280 |   285 |   420 |   483 |   289 ||  2186
  Block: Buckler           |       |       |       |       |   105 |   119 |       |       |       ||   224
         Reflection        |       |       |       |       |       |     3 |   157 |    45 |    15 ||   220
         Kite shield       |       |       |       |       |       |    37 |   777 |   666 |   385 ||  1865
   Form: Beast             |       |       |       |       |     2 |       |       |       |       ||     2
                           |       |       |       |       |     1 |       |       |       |       ||     1
         Maw               |       |       |       |       |       |     1 |       |       |       ||     1

Table legend: (Time is in decaauts)
 A = Elapsed time spent in this place.
 B = Non-inter-level travel time spent in this place.
 C = Inter-level travel time spent in this place.
 D = Time resting spent in this place.
 E = Time spent auto-exploring this place.
 F = Levels seen in this place.
 G = Mean time per level.
                   A        B        C        D        E       F      G
               +--------+--------+--------+--------+--------+-----+--------+
         Total |  72368 |  64691 |   7677 |  20161 |  28927 |  51 | 1419.0 |
       Dungeon |  26147 |  22629 |   3518 |   7856 |   9748 |  15 | 1743.1 |
        Temple |    153 |    142 |     11 |    100 |      0 |   1 |  153.0 |
          Lair |   8148 |   7184 |    964 |   2005 |   3819 |   5 | 1629.6 |
        Shoals |   3423 |   3138 |    285 |    538 |   1675 |   4 |  855.8 |
     Snake Pit |   3486 |   3257 |    229 |    440 |   2032 |   4 |  871.5 |
  Orcish Mines |   2479 |   1990 |    489 |    378 |   1162 |   2 | 1239.5 |
   Elven Halls |   8913 |   8339 |    574 |   4544 |   1903 |   3 | 2971.0 |
        Vaults |   8005 |   7140 |    865 |   1097 |   4235 |   5 | 1601.0 |
        Depths |   5900 |   5400 |    500 |   1061 |   3078 |   4 | 1475.0 |
           Zot |   4433 |   4194 |    239 |   1462 |   1093 |   5 |  886.6 |
         Abyss |     85 |     85 |      0 |      0 |      0 |   1 |   85.0 |
        Bazaar |    186 |    186 |      0 |      0 |    162 |   1 |  186.0 |
        Bailey |   1004 |   1004 |      0 |    678 |     20 |   1 | 1004.0 |
               +--------+--------+--------+--------+--------+-----+--------+

Top non-repeatable levels by time:
   Elf:3: 4403 daAuts
     D:9: 3889 daAuts
  Lair:3: 2591 daAuts
   Elf:1: 2516 daAuts
   Zot:5: 2308 daAuts
     D:8: 2202 daAuts
    D:14: 2193 daAuts
  Lair:5: 2074 daAuts
   Elf:2: 1994 daAuts
    D:13: 1971 daAuts
Vaults:2: 1971 daAuts
    D:11: 1894 daAuts
    D:12: 1830 daAuts
   Orc:2: 1749 daAuts
     D:3: 1686 daAuts
